General information
- name: BNet
- type: Ladder team game (AT/RT)
- host: Battle.net
- saver: WeakLink
map: Deadlands
- players: 8
- length: 24:16
- speed: Fast
- version: 1.28 W3XP
- replay type: Public
» download(108 KB)
Players
team 1 (winner)
WeakLink (
yellow | 0 APM | 1 actions | 24:16)
ogre (
pink | 42 APM | 619 actions | 14:44)
2 Blademaster
1 Wind Walk
1 Critical Strike
2 Shadow Hunter
1 Hex
1 Healing Wave
1 Tauren Chieftain
1 Endurance Aura
» actions
| Assign group hotkey | 13 | |
| Basic commands | 18 | |
| Build / train | 32 | |
| Enter build submenu | 10 | |
| Enter hero's abilities submenu | 5 | |
| Give item / drop item | 1 | |
| Remove unit from queue | 1 | |
| Right click | 293 | |
| Select / deselect | 118 | |
| Select group hotkey | 111 | |
| Use ability | 17 | |
619 total
» units
» buildings
| Altar of Storms | 1 | |
| Orc Burrow | 3 | |
| Voodoo Lounge | 1 | |
| Stronghold | 1 | |
| War Mill | 1 | |
| Fortress | 1 | |
8 total
» build order
00:05 Altar of Storms
00:19 Orc Burrow
00:35 Voodoo Lounge
02:04 Stronghold
02:27 War Mill
02:39 Orc Burrow
03:23 Orc Burrow
04:34 Fortress
» items
| Healing Salve | 1 | |
| Lesser Clarity Potion | 1 | |
| Scroll of Speed | 3 | |
| Potion of Healing | 3 | |
| Potion of Mana | 3 | |
| Orb of Lightning | 2 | |
13 total
HOEBAG (
blue | 56 APM | 820 actions | 14:44)
2 Pandaren Brewmaster
1 Breath of Fire
1 Drunken Brawler
2 Goblin Alchemist
1 Healing Spray
1 Chemical Rage
1 Paladin
1 Holy Light
1 Goblin Tinker
1 Pocket Factory
1 Archmage
1 Brilliance Aura
» actions
| Assign group hotkey | 27 | |
| Basic commands | 38 | |
| Build / train | 47 | |
| ESC pressed | 3 | |
| Enter build submenu | 22 | |
| Enter hero's abilities submenu | 9 | |
| Right click | 266 | |
| Select / deselect | 154 | |
| Select group hotkey | 217 | |
| Use ability | 37 | |
820 total
» units
| Wisp | 14 | |
| Rifleman | 5 | |
| Chimaera | 3 | |
| Gryphon Rider | 4 | |
26 total
» upgrades
| Strength of the Wild | 2 | |
| Lumber Harvesting | 1 | |
| Storm Hammers | 1 | |
| Swords | 1 | |
5 total
» buildings
| Moon Well | 8 | |
| Altar of Elders | 1 | |
| Tree of Ages | 1 | |
| Hunter's Hall | 1 | |
| Keep | 1 | |
| Farm | 7 | |
| Tree of Eternity | 1 | |
| Ancient of Wind | 1 | |
| Barracks | 1 | |
| Castle | 1 | |
| Gryphon Aviary | 2 | |
| Chimaera Roost | 3 | |
28 total
» build order
00:17 Moon Well
01:05 Altar of Elders
02:25 Tree of Ages
02:28 Hunter's Hall
03:03 Moon Well
05:00 Keep
05:02 Farm
05:17 Tree of Eternity
05:22 Ancient of Wind
05:25 Moon Well
05:28 Moon Well
06:03 Barracks
07:02 Moon Well
07:23 Castle
07:32 Gryphon Aviary
07:33 Gryphon Aviary
07:44 Chimaera Roost
07:47 Chimaera Roost
07:48 Chimaera Roost
08:13 Farm
08:14 Farm
08:15 Farm
08:16 Farm
08:16 Farm
10:28 Moon Well
11:06 Moon Well
11:22 Farm
12:05 Moon Well

»
soicymikey (
orange | 23 APM | 87 actions | 03:43)
1 Archmage
1 Blizzard
» actions
| Assign group hotkey | 1 | |
| Build / train | 16 | |
| Enter build submenu | 9 | |
| Enter hero's abilities submenu | 1 | |
| Remove unit from queue | 2 | |
| Right click | 16 | |
| Select / deselect | 34 | |
| Use ability | 8 | |
87 total
» units
» buildings
| Altar of Kings | 1 | |
| Farm | 4 | |
| Barracks | 1 | |
| Blacksmith | 1 | |
| Lumber Mill | 1 | |
8 total
» build order
00:15 Altar of Kings
00:19 Farm
00:25 Barracks
01:34 Farm
02:03 Blacksmith
02:39 Farm
03:04 Lumber Mill
03:18 Farm
team 2 (loser)

»
DURAMAX[GGL] (
teal | 34 APM | 122 actions | 03:35)
1 Blademaster
1 Wind Walk
» actions
| Assign group hotkey | 4 | |
| Build / train | 14 | |
| ESC pressed | 1 | |
| Enter build submenu | 7 | |
| Enter hero's abilities submenu | 1 | |
| Right click | 59 | |
| Select / deselect | 27 | |
| Select group hotkey | 2 | |
| Use ability | 7 | |
122 total
» units
» buildings
| Altar of Storms | 1 | |
| Orc Burrow | 3 | |
| Barracks | 1 | |
| Voodoo Lounge | 1 | |
6 total
» build order
00:20 Altar of Storms
00:26 Orc Burrow
00:56 Barracks
02:06 Orc Burrow
02:37 Voodoo Lounge
03:07 Orc Burrow

»
onelifeonedeath (
red | 17 APM | 62 actions | 03:38)
1 Death Knight
1 Death Coil
» actions
| Build / train | 16 | |
| Enter build submenu | 6 | |
| Enter hero's abilities submenu | 1 | |
| Right click | 7 | |
| Select / deselect | 25 | |
| Use ability | 7 | |
62 total
» units
» upgrades
» buildings
| Graveyard | 1 | |
| Ziggurat | 3 | |
| Crypt | 1 | |
| Altar of Darkness | 1 | |
| Nerubian Tower | 2 | |
| Spirit Tower | 1 | |
9 total
» build order
00:55 Graveyard
00:59 Ziggurat
01:03 Crypt
01:09 Altar of Darkness
01:15 Ziggurat
01:32 Ziggurat
01:51 Nerubian Tower
02:13 Nerubian Tower
02:38 Spirit Tower

»
Search5s (
purple | 0 APM | 0 actions | 14:44)
swp51 (
green | 24 APM | 86 actions | 03:31)
» actions
| Build / train | 8 | |
| Enter build submenu | 9 | |
| Right click | 19 | |
| Select / deselect | 42 | |
| Use ability | 8 | |
86 total
» units
| Acolyte | 3 | |
| Ghoul | 1 | |
| Crypt Fiend | 1 | |
5 total
» buildings
| Altar of Darkness | 1 | |
| Ziggurat | 3 | |
| Graveyard | 1 | |
| Crypt | 2 | |
| Tomb of Relics | 1 | |
| Nerubian Tower | 1 | |
9 total
» build order
00:16 Altar of Darkness
00:45 Ziggurat
01:01 Graveyard
01:26 Crypt
01:38 Tomb of Relics
01:42 Nerubian Tower
01:59 Ziggurat
02:17 Crypt
02:50 Ziggurat
» items
Chat log
(00:38 / Allies) HOEBAG: its funny cuz
(00:40 / Allies) HOEBAG: hes 4-1
(00:55 / Allies) ogre: they have an afk/tk
(01:22 / Allies) ogre: wake up yellow
(01:32 / Allies) HOEBAG: afk is worse than a leave
(04:30 / Allies) HOEBAG: thx
(08:51 / Allies) HOEBAG: lol
(08:54 / Allies) HOEBAG: straight chim tech
(08:56 / Allies) HOEBAG: so retarded